 Dungeon Crawl Stone Soup version 0.21.1-1-g345015f (webtiles) character file.

335 vatarom the Charmwright (level 6, -1/45 HPs)
             Began as a Gnoll Skald on Apr 23, 2018.
             Killed from afar by an orc wizard (2 damage)
             ... with a puff of frost
             ... on level 3 of the Dungeon.
             The game lasted 00:03:52 (1925 turns).

vatarom the Charmwright (Gnoll Skald)               Turns: 1925, Time: 00:03:53

Health: -1/45      AC:  4    Str: 15    XL:     6   Next: 53%
Magic:  13/14      EV: 14    Int: 15    God:
Gold:   130        SH:  0    Dex: 15    Spells: 4/15 levels left

rFire    + . .     SeeInvis .   a - +0 spear
rCold    + . .     Gourm    .   (no shield)
rNeg     . . .     Faith    .   b - +0 leather armour
rPois    .         Spirit   .   (no helmet)
rElec    .         Reflect  .   (no cloak)
rCorr    .         Harm     .   g - +0 pair of gloves
MR       .....     Rnd*Rage +   (no boots)
Stlth    ++........             (no amulet)
HPRegen  0.15/turn              n - ring of protection from fire
MPRegen  0.14/turn              (no ring)

@: flying, very slightly contaminated
A: distributed training, fangs 1, berserk 1, cold resistance 1, frail 1, strong
nose
a: no special abilities


You were on level 3 of the Dungeon.
You were hungry.

You visited 1 branch of the dungeon, and saw 3 of its levels.

You collected 130 gold pieces.

Inventory:

Hand Weapons
 a - a +0 spear (weapon)
 l - a +0 flail
Armour
 b - a +0 leather armour (worn)
 g - a +0 pair of gloves (worn)
Jewellery
 n - a ring of protection from fire (left hand)
Scrolls
 e - a scroll of magic mapping {unknown}
 f - a scroll of teleportation {unknown}
 h - a scroll of immolation {unknown}
 i - a scroll of noise {unknown}
 k - a scroll of enchant weapon {unknown}
 m - 2 scrolls of identify {unknown}
 o - a scroll of amnesia {unknown}
Books
 c - a book of Battle

   Spells                             Type                      Level
   a - Infusion                       Charms                       1
   b - Shroud of Golubria             Charms/Translocation         2
   c - Song of Slaying                Charms                       2
   d - Spectral Weapon                Hexes/Charms                 3
   e - Regeneration                   Charms/Necromancy            3
Comestibles
 d - 5 rations
 p - 3 chunks of flesh


   Skills:
 + Level 5.0 Fighting
 + Level 2.0 Short Blades
 + Level 2.0 Long Blades
 + Level 2.0 Axes
 + Level 2.0 Maces & Flails
 + Level 5.0 Polearms
 + Level 2.0 Staves
 + Level 2.0 Slings
 + Level 2.0 Bows
 + Level 2.0 Crossbows
 + Level 2.0 Throwing
 + Level 3.2 Armour
 + Level 5.0 Dodging
 + Level 2.0 Stealth
 + Level 2.0 Shields
 + Level 2.0 Unarmed Combat
 + Level 5.3 Spellcasting
 + Level 1.5 Conjurations
 + Level 1.5 Hexes
 + Level 5.6 Charms
 + Level 1.5 Summonings
 + Level 1.5 Necromancy
 + Level 1.5 Translocations
 + Level 1.5 Transmutations
 + Level 1.5 Fire Magic
 + Level 1.5 Ice Magic
 + Level 1.5 Air Magic
 + Level 1.5 Earth Magic
 + Level 1.5 Poison Magic
 + Level 2.1 Invocations
 + Level 2.0 Evocations


You had 4 spell levels left.
You knew the following spells:

 Your Spells              Type           Power        Failure   Level  Hunger
a - Infusion              Chrm           ###.         1%          1    None
b - Song of Slaying       Chrm           ###.....     2%          2    #......
c - Shroud of Golubria    Chrm/Tloc      ##........   7%          2    #......
d - Regeneration          Chrm/Necr      ##........   13%         3    ###....
e - Spectral Weapon       Hex/Chrm       ##......     13%         3    ###....


Dungeon Overview and Level Annotations

Branches:
Dungeon (3/15)

Altars:
Gozag


Innate Abilities, Weirdness & Mutations

Your experience applies equally to all skills.
You have very sharp teeth.
Your uncanny sense of smell can sniff out nearby items.
You tend to lose your temper in combat.
Your flesh is cold resistant. (rC+)
You are frail. (-10% HP)


Message History

Casting: Spectral Weapon
Confirm with . or Enter, or press ? or * to list all spells.
You miscast Regeneration.
You are very lightly contaminated with residual magic.
Your bones ache.
You are feeling hungry.
Something barely misses you. Something hits you.
* * * LOW HITPOINT WARNING * * *
Something hits you.
* * * LOW HITPOINT WARNING * * *
You hear some strange, mumbled words.
A puff of frost appears from out of thin air!
The puff of frost hits you! You resist.
* * * LOW HITPOINT WARNING * * *
A puff of frost appears from out of thin air!
The puff of frost misses you.
A puff of frost appears from out of thin air!
The puff of frost hits you! You resist.
You die...

........#.#
...#......#
####...####
+......#####
#####......# #.####.#
#.# #.# ######
#.####.####....######
#.........')@....lo.#
######.####....####o#
#.# #....# #.# #.#
#....# #l# #.# #....#
#o# #.# #....# #†# #
#.# #...(# #o##.#####
#. #.>..# #ow.......
#....# #.........


You could see 2 orcs and a frilled lizard.

Vanquished Creatures
  An ogre (D:2)
  A jelly (D:2)
  2 orc wizards
  Jessica (D:3)
  2 adders
  3 gnolls (D:2)
  2 oozes
  3 dart slugs
  3 leopard geckos
  6 orcs
  A ball python (D:1)
  2 giant cockroaches
  5 hobgoblins
  3 jackals (D:2)
  5 bats
  3 frilled lizards
  5 goblins
  3 kobolds
  3 rats
54 creatures vanquished.

Vanquished Creatures (others)
  An orc wizard (D:3)
  A spectral weapon (D:3)
2 creatures vanquished.

Grand Total: 56 creatures vanquished

Notes
Turn   | Place    | Note
-------+----------+-------------------------------------------
     0 | D:1      | vatarom the Gnoll Skald began the quest for the Orb.
     0 | D:1      | Reached XP level 1. HP: 20/20 MP: 6/6
   109 | D:1      | Reached XP level 2. HP: 21/26 MP: 7/7
   557 | D:1      | Reached XP level 3. HP: 31/31 MP: 9/9
   616 | D:1      | Reached skill level 5 in Spellcasting
   903 | D:2      | Reached skill level 1 in Invocations
   940 | D:2      | Noticed an ogre
  1067 | D:2      | Reached skill level 1 in Short Blades
  1067 | D:2      | Reached skill level 1 in Long Blades
  1067 | D:2      | Reached skill level 1 in Axes
  1067 | D:2      | Reached skill level 1 in Maces & Flails
  1067 | D:2      | Reached skill level 1 in Staves
  1067 | D:2      | Reached skill level 1 in Slings
  1067 | D:2      | Reached skill level 1 in Bows
  1067 | D:2      | Reached skill level 1 in Crossbows
  1067 | D:2      | Reached skill level 1 in Throwing
  1067 | D:2      | Reached skill level 1 in Stealth
  1067 | D:2      | Reached skill level 1 in Shields
  1067 | D:2      | Reached skill level 1 in Unarmed Combat
  1067 | D:2      | Reached skill level 1 in Evocations
  1067 | D:2      | Reached XP level 4. HP: 28/38 MP: 11/11
  1098 | D:2      | Learned a level 2 spell: Song of Slaying
  1101 | D:2      | Learned a level 2 spell: Shroud of Golubria
  1105 | D:2      | Learned a level 3 spell: Regeneration
  1109 | D:2      | Learned a level 3 spell: Spectral Weapon
  1243 | D:2      | Reached skill level 1 in Conjurations
  1243 | D:2      | Reached skill level 1 in Hexes
  1243 | D:2      | Reached skill level 1 in Summonings
  1243 | D:2      | Reached skill level 1 in Necromancy
  1243 | D:2      | Reached skill level 1 in Translocations
  1243 | D:2      | Reached skill level 1 in Transmutations
  1243 | D:2      | Reached skill level 1 in Fire Magic
  1243 | D:2      | Reached skill level 1 in Ice Magic
  1243 | D:2      | Reached skill level 1 in Air Magic
  1243 | D:2      | Reached skill level 1 in Earth Magic
  1243 | D:2      | Reached skill level 1 in Poison Magic
  1477 | D:2      | Killed an ogre
  1477 | D:2      | Reached XP level 5. HP: 34/43 MP: 8/12
  1521 | D:2      | Found an opulent altar of Gozag.
  1625 | D:2      | Reached XP level 6. HP: 18/50 MP: 6/13
  1817 | D:3      | Noticed Jessica
  1823 | D:3      | Killed Jessica
  1878 | D:3      | Reached skill level 5 in Fighting
  1878 | D:3      | Reached skill level 5 in Polearms
  1878 | D:3      | Reached skill level 5 in Dodging
  1915 | D:3      | Gained mutation: You are frail. (-10% HP) [potion of mutation]
  1915 | D:3      | Gained mutation: You tend to lose your temper in combat. [potion of mutation]
  1915 | D:3      | Gained mutation: Your flesh is cold resistant. (rC+) [potion of mutation]
  1922 | D:3      | HP: 1/45 [something/puff of frost (6)]
  1925 | D:3      | Killed from afar by an orc wizard

Skill      XL: |  1  2  3  4  5  6 |
---------------+-------------------+-----
Spellcasting   | 5 |  5.3
Invocations    | 1 2 |  2.1
Short Blades   | 1 2 |  2.0
Long Blades    | 1 2 |  2.0
Axes           | 1 2 |  2.0
Maces & Flails | 1 2 |  2.0
Staves         | 1 2 |  2.0
Slings         | 1 2 |  2.0
Bows           | 1 2 |  2.0
Crossbows      | 1 2 |  2.0
Throwing       | 1 2 |  2.0
Stealth        | 1 2 |  2.0
Shields        | 1 2 |  2.0
Unarmed Combat | 1 2 |  2.0
Evocations     | 1 2 |  2.0
Conjurations   | 1 |  1.5
Hexes          | 1 |  1.5
Summonings     | 1 |  1.5
Necromancy     | 1 |  1.5
Translocations | 1 |  1.5
Transmutations | 1 |  1.5
Fire Magic     | 1 |  1.5
Ice Magic      | 1 |  1.5
Air Magic      | 1 |  1.5
Earth Magic    | 1 |  1.5
Poison Magic   | 1 |  1.5
Armour         | 3 |  3.2
Fighting       | 5 |  5.0
Polearms       | 5 |  5.0
Dodging        | 5 |  5.0
Charms         | |  5.6

Action                   |  1- 3 |  4- 6 || total
-------------------------+-------+-------++-------
Melee: Spear             |   148 |   115 ||   263
       Bite              |     9 |     8 ||    17
       Punch             |       |     1 ||     1
 Cast: Spectral Weapon   |       |    11 ||    11
       Regeneration      |       |     1 ||     1
  Use: Potion            |     1 |     4 ||     5
       Scroll            |     1 |       ||     1
 Stab: Sleeping          |     3 |       ||     3
  Eat: Chunk             |     1 |     3 ||     4
Armor: Leather armour    |    28 |    24 ||    52
Dodge: Dodged            |    83 |    57 ||   140
